[Event "26th Hit Open-A 2022"]
[Site "Nova Gorica"]
[Date "2022.09.21"]
[Round "8.14"]
[White "Pavlovic, Milos"]
[Black "Acimovic, Vasja"]
[Result "1/2-1/2"]
[ECO "D30"]
[WhiteElo "2468"]
[BlackElo "2237"]
[Annotator "TA"]
[PlyCount "108"]
[EventDate "2022.09.16"]
[EventType "swiss"]
[EventCountry "SLO"]
[SourceTitle "playchess.com"]
[Source "ChessBase"]
[SourceQuality "1"]
[TimeControl "5400+30"]

1. d4 d5 2. c4 c6 3. Nf3 Nf6 4. e3 e6 5. Bd3 Bd6 6. b3 {[%emt 0:02:19] D30: Queen's Gambit Declined: Systems without Nc3.} O-O {[%emt 0:00:09] 6...0-0 is better than 6...Nbd7.} 7. O-O b6 8. Bb2 {[%emt 0:00:07] White has an edge.} Bb7 9. Nc3 Nbd7 10. Qe2 c5 11. cxd5 exd5 12. Rfd1 Re8 13. Rac1 Qe7 (13... a6 $11) 14. Ba6 Bxa6 15. Qxa6 Rad8 {[%emt 0:13:55] [#]} 16. dxc5 $146 ({Predecessor:} 16. Ba3 Qe6 17. Nb5 Ne4 18. Nxd6 Qxd6 19. dxc5 Ndxc5 20. Qe2 Qg6 21. Bb2 Ng5 22. Nxg5 Qxg5 {1-0 (43) Halkias,S (2530)-Vezzosi,P (2244) Arco 2019}) 16... Nxc5 17. Qe2 Bb8 18. g3 Qb7 19. Nb5 Nce4 20. Bxf6 Nxf6 21. Rc2 Rc8 22. Rdc1 a6 23. Nbd4 Bd6 24. Qd3 g6 25. Ne2 {[%emt 0:04:06] Pair of Knights!} Ba3 26. Rxc8 Rxc8 27. Rxc8+ Qxc8 28. Nf4 Qb7 29. h3 Bd6 (29... Bc5 $11) 30. Qd4 $16 Be7 31. g4 {[%emt 0:00:38] White is much more active.} h6 32. Ne5 g5 {[%emt 0:02:14] [#] aiming for ...Bc5.} 33. Ne2 Bc5 34. Qd3 Qc8 35. Ng3 (35. Qc3 $14) 35... Bd6 $11 36. Qd4 Qe6 $1 $36 {[%emt 0:01:30][%mdl 2048] Black is more active.} 37. Nd3 Bxg3 38. fxg3 $15 {[%emt 0:00:02][%mdl 4096] Endgame KQN-KQN} Qc6 (38... Ne4 {keeps more tension.} 39. Kg2 Qc6 40. Kf3 Qb5) 39. Nf2 Ne4 40. Nxe4 dxe4 $11 {[%emt 0:00:03] KQ-KQ} 41. Qd2 Qf6 42. Qf2 Qa1+ 43. Kh2 Kg7 44. Qc2 {[%emt 0:00:32] The position is equal.} Qe5 45. a4 b5 46. axb5 axb5 47. Kg2 b4 48. h4 Qc3 49. Qxe4 Qxb3 {[%emt 0:00:02] Threatens to win with ...Qb2+.} 50. Qe5+ Kh7 {[%emt 0:01:01] [#] ...Qc2+ is the strong threat.} 51. Qe4+ Kg7 52. Qe5+ Kh7 {[%emt 0:00:15] White must now prevent ...Qc2+.} 53. Qe4+ Kg7 {[%emt 0:00:08] Strongly threatening ...Qb2+.} 54. Qe5+ Kh7 {[%emt 0:00:05] Weighted Error Value: White=0.09 (flawless) /Black=0.08 (flawless)} 1/2-1/2

[Event "26th Hit Open-A 2022"]
[Site "Nova Gorica"]
[Date "2022.09.21"]
[Round "8.15"]
[White "Thavandiran, Shiyam"]
[Black "Guid, Matej"]
[Result "1-0"]
[ECO "C01"]
[WhiteElo "2363"]
[BlackElo "2292"]
[Annotator "TA"]
[PlyCount "112"]
[EventDate "2022.09.16"]
[EventType "swiss"]
[EventCountry "SLO"]
[SourceTitle "playchess.com"]
[Source "ChessBase"]
[SourceQuality "1"]
[TimeControl "5400+30"]

1. e4 e6 2. d4 d5 3. exd5 exd5 4. Nf3 Bd6 5. Bd3 Nc6 6. c3 Nge7 7. O-O Bf5 {[%emt 0:00:05] C01: French: Exchange Variation.} 8. Bxf5 Nxf5 9. Qb3 {[%emt 0:01:50] [#]} O-O $146 ({Black should try} 9... b6 $11) ({Predecessor:} 9... Nfe7 10. Qxb7 O-O 11. Qa6 Rb8 12. Nbd2 Qd7 13. Re1 Ng6 14. Nb3 Rb6 15. Qd3 Qg4 {1-0 (32) Moskalenko,A (2522)-Roenko,A (2167) Katowice 2017}) 10. Qxb7 $14 Qd7 11. Qb5 Rab8 12. Qd3 Rfe8 13. Nbd2 f6 14. b3 g5 15. Bb2 Nce7 16. Ne1 Ng6 {[%emt 0:01:27] [#] Threatens to win with ...Nf4.} 17. g3 {[%emt 0:01:46] Prevents Nf4.} Nfh4 18. Kh1 $1 (18. gxh4 Nf4 19. Qf3 Re2 $15) 18... Qh3 {[%emt 0:06:58][%cal Oe8e1] ( -> ...Rxe1!)} 19. Rg1 Re6 20. Qf1 Qxf1 21. Rxf1 {[%emt 0:00:59] White now steadily converts the win.} Re2 22. Rd1 Nf5 23. Nd3 $36 {[%emt 0:00:19][%mdl 2048] White is in control.} Rbe8 24. Rfe1 Rxe1+ 25. Rxe1 Rxe1+ 26. Nxe1 c5 27. dxc5 Bxc5 28. Nd3 Bb6 (28... Be7 $16 {was necessary.} 29. c4 dxc4 30. bxc4 (30. Nxc4 Kf7 $16) 30... Kf7) 29. c4 $18 dxc4 30. Nxc4 Bd8 31. Kg2 g4 (31... Kf7 {was worth a try.} 32. Kf3 h5) 32. f3 gxf3+ 33. Kxf3 Kf7 34. Ke4 Nge7 (34... Nfe7 $142 35. b4 Bc7) 35. Nf4 Bc7 36. Nh5 Kg6 37. Nxf6 h5 38. Nd7 Nxg3+ $2 (38... Kf7 39. Nce5+ Ke6 40. Nc5+ Kf6 41. Ned3+ Kf7) 39. hxg3 Bxg3 40. Nce5+ Kg5 41. Bc1+ Kh4 42. Nf6 Bxe5 43. Kxe5 Nc6+ 44. Kd6 Nd4 45. Kc5 Ne2 46. Bd2 {[%emt 0:00:04] Be3 is the strong threat.} Kg3 47. Nxh5+ Kg4 {[%emt 0:00:01] [#]} 48. Nf4 $1 Ng1 (48... Ng3 49. Kd5) 49. Kb5 Nf3 50. Be3 {[%emt 0:00:12] Intending Nd5 and mate.} Ne5 51. Nd5 {[%emt 0:00:10] White mates.} Nd3 52. Bxa7 Nc1 53. Be3 Nxa2 54. Ka4 Kf3 55. Ka3 Ke4 56. Kxa2 Kxd5 {[%emt 0:00:14] Weighted Error Value: White=0.03 (flawless) /Black=0.28 (precise)} 1-0

[Event "26th Hit Open-A 2022"]
[Site "Nova Gorica"]
[Date "2022.09.21"]
[Round "8.16"]
[White "Herega, Nejc"]
[Black "Tisaj, Domen"]
[Result "0-1"]
[ECO "A47"]
[WhiteElo "2146"]
[BlackElo "2325"]
[Annotator "TA"]
[PlyCount "120"]
[EventDate "2022.09.16"]
[EventType "swiss"]
[EventCountry "SLO"]
[SourceTitle "playchess.com"]
[Source "ChessBase"]
[SourceQuality "1"]
[TimeControl "5400+30"]

1. d4 Nf6 2. Nf3 e6 3. Bf4 b6 4. e3 Bb7 5. Nbd2 c5 6. c3 Be7 7. h3 O-O 8. Bd3 d6 9. O-O cxd4 10. exd4 Nbd7 11. Qe2 a6 {[%emt 0:00:38] A47: 1 d4 Nf6 2 Nf3 b6: Torre, London and Colle Systems.} 12. a4 Re8 13. Bh2 Qc7 {[%emt 0:01:52] White has an edge.} 14. Ng5 {[%emt 0:07:07] [#]} Qc6 $146 ({Predecessor:} 14... Nf8 15. Nge4 Nd5 16. c4 Nb4 17. c5 Nxd3 18. Qxd3 e5 19. dxe5 dxe5 20. cxb6 Qxb6 21. Bxe5 {½-½ (72) Sielaff,M-Cladouras,P (2360) Dresden 1998}) 15. f4 Bf8 16. Qf3 Qxf3 17. Ngxf3 h5 18. Rfe1 g6 19. Kf2 Bh6 20. Nc4 Bf8 21. Ne3 Ne4+ 22. Ke2 Rac8 23. g4 hxg4 24. hxg4 Bg7 25. Nc4 {[%emt 0:02:58] Bxe4 is the strong threat.} Bf8 26. Ne3 Ndf6 27. Nd2 Nxd2 28. Kxd2 Ne4+ 29. Bxe4 Bxe4 30. g5 Bf3 {[%emt 0:07:10][%cal Be4f3,Bf3h5,Bh5g4][%mdl 32] Inhibits Ng4.} 31. Rf1 Bh5 32. Nc2 d5 33. a5 b5 34. Rac1 Bg4 35. Bg1 Bd6 36. Nb4 Ra8 37. Be3 Bf5 38. Nd3 Bxd3 39. Kxd3 Kg7 40. b4 Rh8 41. Rh1 Rh5 42. Rxh5 gxh5 $15 {[%emt 0:00:54][%mdl 4096] Endgame KRB-KRB} 43. Rh1 Rh8 44. Rh4 (44. Ke2 $1 $15) 44... Kg6 $17 45. Ke2 Kf5 46. Kf3 Be7 $1 47. Rh1 {[%emt 0:04:17] [#]} f6 ({Better is} 47... h4 $1 $17 48. Bd2 h3) 48. Kg3 (48. Rg1 $15) 48... fxg5 49. fxg5 Kg6 (49... Bxg5 $17 50. Bxg5 Kxg5) 50. Bf4 {[%emt 0:01:47] Now White is beyond hope.} (50. Re1 $11) 50... Rc8 $19 ({And not} 50... Bxg5 51. Bxg5 Kxg5 52. Re1 $17) 51. Re1 Rxc3+ 52. Kh4 Rc6 ({Much less strong is} 52... Bxb4 53. Rxe6+ Kf5 54. Rf6+ Ke4 55. Bd2 $18) 53. Bd2 Bf8 {[%emt 0:00:19] Hoping for ...Bg7.} 54. Re2 $2 {[%emt 0:03:36] [#]} (54. Bc3) 54... Bg7 $1 55. Be3 Rc4 56. Kh3 e5 57. dxe5 Re4 {[%emt 0:00:07] ( -> ...d4)} 58. Re1 Bxe5 {[%emt 0:00:12] Black mates.} 59. Bd2 Rxe1 60. Bxe1 Kxg5 {[%emt 0:00:06] Weighted Error Value: White=0.48/Black=0.07 (flawless)} 0-1

[Event "26th Hit Open-A 2022"]
[Site "Nova Gorica"]
[Date "2022.09.21"]
[Round "8.17"]
[White "Rakesh Kumar Jena"]
[Black "Saypuri Srithan"]
[Result "0-1"]
[ECO "C26"]
[WhiteElo "2321"]
[BlackElo "2199"]
[Annotator "TA"]
[PlyCount "104"]
[EventDate "2022.09.16"]
[EventType "swiss"]
[EventCountry "SLO"]
[SourceTitle "playchess.com"]
[Source "ChessBase"]
[SourceQuality "1"]
[TimeControl "5400+30"]

1. e4 e5 2. Nf3 Nf6 3. d3 Nc6 4. g3 Bc5 5. Bg2 d6 6. O-O O-O 7. Nc3 h6 8. h3 Be6 9. Na4 Bb6 10. Nxb6 axb6 11. c4 Qd7 {[%emt 0:25:35] C26: Vienna Game: 2...Nf6, sidelines .} 12. Kh2 Nh7 13. b3 f5 {[%emt 0:07:25] The position is equal.} 14. exf5 Bxf5 15. d4 {[%emt 0:03:00] [#]} e4 $146 ({Predecessor:} 15... Rfd8 16. Bb2 exd4 17. Nxd4 Nxd4 18. Qxd4 Rab8 19. Bd5+ Kh8 20. Qh4 Ng5 21. Qxh6+ Nh7 22. Rae1 Bd3 23. Be6 Qe7 24. Bf5 Qg5 25. Qxh7# {1-0 (25) Jacob,R (1940)-Celkevicius,A Sao Paulo 2005}) 16. Nh4 d5 17. Be3 Nf6 18. Nxf5 Qxf5 19. f3 {[%emt 0:01:09] [#] aiming for fxe4.} Qg6 20. f4 (20. Bf4 $11 {keeps the balance.}) 20... dxc4 $17 21. bxc4 Ra3 22. Qe1 Nb4 23. Bc1 {[%emt 0:00:34] Black converts the advantage convincingly.} (23. Qxb4 $15 Rxe3 24. g4) 23... Nd3 {[%emt 0:02:59] Black has more active pieces.} ({Don't play} 23... Rxa2 24. Rxa2 Nxa2 25. Ba3 $16) 24. Qe3 (24. f5 $142 Qf7 25. Qd2 Nxc1 26. Raxc1) 24... Rc3 $19 25. g4 Rxc4 26. f5 Qe8 27. Qg3 c5 28. dxc5 bxc5 ({And not} 28... Nxc1 29. Raxc1 Rxc5 30. Rb1 $17) 29. Bf4 Nxf4 30. Rxf4 Qe5 31. Re1 (31. Rff1 $17 Qxg3+ 32. Kxg3) 31... Ra8 32. Kh1 $2 (32. Rf2 Qd4 33. Qe3) 32... Rc3 33. Qf2 Ra4 34. Qd2 Kh7 {[%emt 0:01:01] And now ...e3 would win.} 35. Rff1 e3 36. Qb2 Rb4 37. Qe2 b5 38. Kg1 $2 (38. Rf3 Re4 39. Rff1) 38... Ra3 {[%emt 0:01:05] Threatens to win with ...Rb2.} 39. Rb1 {[%emt 0:00:28] Prevents Rb2.} Rxb1 40. Rxb1 b4 41. Rd1 Rc3 42. h4 Qg3 43. g5 hxg5 44. hxg5 Ng4 45. f6 Qf2+ 46. Qxf2 exf2+ {[%emt 0:00:04][%mdl 4096] Endgame KRB-KRN} 47. Kh1 gxf6 {[%emt 0:00:04] White must now prevent ...Kg6.} 48. Be4+ Kg7 {[%emt 0:00:02] ( -> ...Ne3)} 49. g6 Re3 {[%emt 0:01:18] Black mates.} 50. Rd7+ Kh6 51. Rh7+ Kg5 52. Kg2 {[%emt 0:00:38] [#]} Rg3+ $3 {[%emt 0:00:29][%mdl 512] Weighted Error Value: White=1.09/Black=0.31} 0-1

[Event "26th Hit Open-A 2022"]
[Site "Nova Gorica"]
[Date "2022.09.21"]
[Round "8.18"]
[White "Van Dael, Siem"]
[Black "Gregoric, Andraz"]
[Result "1-0"]
[ECO "C54"]
[WhiteElo "2316"]
[BlackElo "2182"]
[Annotator "TA"]
[PlyCount "71"]
[EventDate "2022.09.16"]
[EventType "swiss"]
[EventCountry "SLO"]
[SourceTitle "playchess.com"]
[Source "ChessBase"]
[SourceQuality "1"]
[TimeControl "5400+30"]

1. e4 e5 2. Nf3 Nc6 3. Bc4 Bc5 4. c3 Nf6 5. d4 exd4 6. b4 {[%emt 0:00:06] C54: Giuoco Piano: 4 c3 Nf6, main lines with 5 d4 and 5 d3.} Bb6 7. e5 d5 8. exf6 {[%emt 0:00:06] Black is slightly better.} dxc4 9. Qe2+ {[%emt 0:00:07] 9.Qe2+ scores better than 9.b5.} Be6 $1 (9... Kf8 10. b5 Na5 11. Qe5 $14) 10. b5 $1 d3 (10... Na5 $1 $15 11. fxg7 Rg8) 11. Qe4 $1 $36 {[%emt 0:01:38][%mdl 2048] Black is under pressure.} Nb4 $1 12. O-O $1 {[%emt 0:05:41] Active counter play!} Nc2 13. fxg7 Rg8 {[%emt 0:00:03] [#]} 14. Qxh7 $146 (14. Bg5 $14 Qd5 15. Qxh7) ({Predecessor:} 14. Bg5 Qd5 15. Qxh7 Kd7 16. Nbd2 Bf5 17. Qh5 Rxg7 18. Bf6 Rh7 19. Qg5 Re8 20. Nxc4 Nxa1 {1-0 (31) Clarke,B (2445)-Kotyk,M (2170) Hamburg 2022}) 14... f6 $1 $17 15. Qg6+ (15. Qe4 Kf7 16. Na3 Nxa1 $19) 15... Kd7 $2 {[%emt 0:11:54] [#]} (15... Bf7 $1 $17 {[%cal Rf7g6] keeps the pressure on.} 16. Qh6 (16. Qe4+ $2 Kd7 $19) 16... Qe7) 16. Bg5 $1 $16 fxg5 (16... Nxa1 17. Nbd2) 17. Ne5+ Ke7 18. Qxg5+ (18. Nd2 $16 Qd5 19. Qxg5+ Ke8 20. Rab1 (20. Ndxc4 Nxa1 21. Qg6+ Ke7 $11)) 18... Kd6 $11 19. Qf4 {[%emt 0:00:13][%csl LRc4,LRd3] Nd2 is the strong threat. The board is on fire.} Kc5 (19... Nxa1 20. Nd2 Bd5 21. Re1 $18) 20. a4 $1 {[%emt 0:02:29] Strongly threatening Nd2.} Ba5 {[%emt 0:18:45] aiming for ...Qe7.} (20... Nxa1 {leads to mate.} 21. Nd2 Kd6 22. Ne4+ Kd5 23. Nf7 Bd4 24. cxd4 c3 25. Qe5+ Kc4 26. Qc5+ Kb3 27. Rxa1) (20... Rxg7 $5 21. Nd2 $8 Ba5 $11) 21. Nd2 Rxg7 {[%emt 0:02:22] Hoping for ...Qg8.} 22. Nexc4 {[%emt 0:33:08] Intending Nb3+ and mate. Pair of Knights!} Bxc3 $4 (22... Rxg2+ $1 $11 23. Kxg2 Qg8+ 24. Kh1 Bxc4) 23. Nb3+ $18 Kb4 {[%emt 0:01:17] [#]} 24. Nd6+ $1 Kxb3 $2 (24... Nd4 $18 25. Nxd4 Qxd6 26. Nc6+ Kc5 27. Qe3+ (27. Qc1 $2 Rag8 $19) 27... Kc4 28. Qe4+ Kb3 29. Rfb1+ Bb2 30. Nd4+ Kc3 31. Nxe6 Bxa1) 25. Rfb1+ Bb2 {[#]} 26. Rxb2+ $1 {[%emt 0:00:05][%mdl 576] Remove Defender, Decoy. White mates.} Kxb2 27. Qe5+ Kb3 28. Qxe6+ Kc3 29. Qe5+ Nd4 30. Qc5+ Kb3 31. Qa3+ Kc2 32. Rc1+ Kd2 33. Ne4+ Ke2 {[%emt 0:00:04] [#]} 34. Re1+ $3 {[%emt 0:00:04][%mdl 576] Decoy} Kxe1 35. Qc1+ Ke2 36. Nc3# {[%emt 0:00:03] Weighted Error Value: White=0.16 (very precise) /Black=0.38} 1-0

[Event "26th Hit Open-A 2022"]
[Site "Nova Gorica"]
[Date "2022.09.21"]
[Round "8.19"]
[White "Gschiel, Alexander"]
[Black "Goroshkov, Maksym"]
[Result "1-0"]
[ECO "C68"]
[WhiteElo "2196"]
[BlackElo "2315"]
[Annotator "TA"]
[PlyCount "83"]
[EventDate "2022.09.16"]
[EventType "swiss"]
[EventCountry "SLO"]
[SourceTitle "playchess.com"]
[Source "ChessBase"]
[SourceQuality "1"]
[TimeControl "5400+30"]

1. e4 e5 2. Nf3 Nc6 3. Bb5 a6 4. Bxc6 dxc6 5. d4 exd4 6. Qxd4 Qxd4 7. Nxd4 Nf6 8. Nc3 Bc5 {[%emt 0:02:47] C68: Ruy Lopez: Exchange Variation, sidelines.} 9. Nb3 Bb4 {[%emt 0:00:21] [#]} 10. f3 $146 ({Predecessor:} 10. O-O O-O 11. f3 h6 12. Bf4 Ne8 13. Rad1 b6 14. a3 Be7 15. Rd2 Bd6 16. e5 {0-1 (25) Petrovic,D (1636)-Zdravkovic,D (1826) Nis 2014}) 10... Be6 {[%emt 0:00:37] The position is equal.} 11. a3 Bxb3 12. cxb3 Bc5 13. Ke2 Bd4 14. Be3 c5 15. b4 Bxe3 16. Kxe3 cxb4 17. axb4 O-O (17... O-O-O $11) 18. Rhd1 $14 Rfd8 19. Rxd8+ ({Better is} 19. b5 $16) 19... Rxd8 $16 {[%emt 0:00:00][%mdl 4096] Endgame KRN-KRN} 20. b5 Rd6 21. e5 Re6 22. f4 h6 (22... g5 $14) 23. bxa6 bxa6 24. Ra5 Nd7 25. Rd5 Nb6 {[%emt 0:00:14] [#]} ({Black should try} 25... Nf8) 26. Rd8+ $1 Kh7 27. Kd4 {[%emt 0:00:38] White is more active.} f6 {[%emt 0:04:02] [#]} (27... Rc6 $16) 28. Nd5 $2 (28. Ne4 $1 $18) 28... fxe5+ 29. fxe5 c5+ {[%emt 0:00:53][%mdl 8192] A mistake that costs the game.} (29... Rg6 $16) 30. Kxc5 $18 Na4+ 31. Kd4 {[%emt 0:00:32] Hoping for Rd6.} Nxb2 (31... a5 $142 32. Rd6 Nc5 33. Kxc5 Rxe5) 32. Rd6 Rxe5 33. Kxe5 Nc4+ 34. Ke6 Nxd6 35. Kxd6 {[%emt 0:00:05] KN-K3P} Kg6 36. Ke6 {[%emt 0:03:45] White threatens Nc3 and mate.} a5 37. Nc3 {[%emt 0:00:02] White mates.} Kg5 38. Kf7 g6 39. Ke6 h5 40. Ke5 Kg4 41. Ne4 g5 42. Nf2+ {[%emt 0:00:05] Weighted Error Value: White=0.23 (precise) /Black=0.88} 1-0

[Event "26th Hit Open-A 2022"]
[Site "Nova Gorica"]
[Date "2022.09.21"]
[Round "8.20"]
[White "Sharan, Rao"]
[Black "Budai, Leonardo"]
[Result "1-0"]
[ECO "A05"]
[WhiteElo "2312"]
[BlackElo "1676"]
[Annotator "TA"]
[PlyCount "101"]
[EventDate "2022.09.16"]
[EventType "swiss"]
[EventCountry "SLO"]
[SourceTitle "playchess.com"]
[Source "ChessBase"]
[SourceQuality "1"]
[TimeControl "5400+30"]

1. Nf3 Nf6 2. b3 b6 3. Bb2 Bb7 4. e3 e6 5. Be2 Be7 6. O-O {[%emt 0:00:05] A05: Réti Opening: 1 Nf3 Nf6.} O-O 7. d4 d5 8. Nbd2 {[%emt 0:00:05] The position is equal.} Nbd7 9. c4 c5 10. Rc1 Rc8 11. Rc2 Rc7 12. Qa1 {[%emt 0:02:31] [#]} Ne4 $146 (12... cxd4 $11 {keeps the balance.} 13. Nxd4 Qb8) ({Predecessor:} 12... dxc4 13. bxc4 a6 14. Rd1 Qb8 {½-½ (14) Comas Fabrego,L (2469)-Porras Mateo,F (2349) Barcelona 2018}) 13. dxc5 $16 Bf6 14. cxb6 axb6 15. Rfc1 Qc8 (15... Nxd2 $16 {might work better.} 16. Nxd2 (16. Rxd2 Bxb2 17. Qxb2 Qf6 $16) 16... Bxb2 17. Qxb2 Ba6) 16. Qb1 (16. Nxe4 $18 Bxb2 17. Qxb2 dxe4 18. Ne5) 16... Nxd2 17. Nxd2 Qa8 18. cxd5 Rxc2 19. Rxc2 Bxd5 20. Bf3 Bxb2 21. Qxb2 Nc5 22. Rc4 Bxf3 23. Nxf3 (23. gxf3 $6 Nd3 24. Qc2 Ne5 $14) 23... f6 (23... Rd8 $16 {was necessary.} 24. h3 h6) 24. h3 e5 25. b4 Qd5 26. Qc2 ({Worse is} 26. bxc5 Qxc4 27. cxb6 Rb8 $17) 26... Ne6 27. a4 {[%emt 0:11:00][%cal Ba2a4,Ba4a5][%mdl 32] [#] aiming for Rc6.} Ra8 (27... Rd8 $142 28. Rc8 Rxc8 29. Qxc8+ Nf8) 28. Nh4 {[%emt 0:04:43] Hoping for Rc6.} Kf7 $2 (28... Rd8 29. Rc6 Nc5) 29. Rc6 $18 b5 30. a5 g6 31. Nf3 {[%emt 0:02:24] Threatens to win with a6.} Rd8 32. Rb6 {[%emt 0:03:35] [#] And now a6 would win.} Ke7 33. Qc3 {[%emt 0:05:03] Black must now prevent a6.} Kd7 $2 (33... Rd6 34. Rxd6 Qxd6) 34. Qd2 ({Not} 34. e4 Qc4 35. Qe3 (35. Nxe5+ fxe5 36. Qxe5 Qc1+ 37. Kh2 Qf4+ 38. Qxf4 Nxf4 $16) 35... Rc8 36. Rb7+ (36. Qe1 Rc6 $16) 36... Rc7 $18) 34... Qxd2 35. Nxd2 {[%emt 0:00:02][%mdl 4096] Endgame KRN-KRN} Nc7 36. Ne4 f5 37. Nc3 e4 38. Nxb5 Nxb5 39. Rxb5 {[%emt 0:00:03] KR-KR} Kc6 {[%emt 0:00:05] Against Rb7} 40. Rb6+ Kc7 41. b5 {[%emt 0:00:28][%cal Bb4b5,Bb5b6][%mdl 32] Strongly threatening Rc6+.} Rd2 (41... Rd1+ $142 42. Kh2 Rd5) 42. Rc6+ Kb7 43. a6+ Kb8 44. Rf6 (44. b6 $142 Rd8 45. Rc7) 44... Rd8 45. b6 Rg8 46. Kh2 {[%emt 0:00:03] White threatens Kg3 and mate.} h6 47. Kg3 {[%emt 0:00:22] White mates.} Ka8 48. Kf4 Kb8 49. Ke5 Re8+ 50. Kd6 Rg8 51. Ke7 {[%emt 0:00:05] Weighted Error Value: White=0.37/Black=0.67} 1-0

[Event "26th Hit Open-A 2022"]
[Site "Nova Gorica"]
[Date "2022.09.21"]
[Round "8.21"]
[White "Callsen, Niklas"]
[Black "Mostbauer, Florian"]
[Result "0-1"]
[ECO "B12"]
[WhiteElo "2079"]
[BlackElo "2295"]
[Annotator "TA"]
[PlyCount "72"]
[EventDate "2022.09.16"]
[EventType "swiss"]
[EventCountry "SLO"]
[SourceTitle "playchess.com"]
[Source "ChessBase"]
[SourceQuality "1"]
[TimeControl "5400+30"]

1. e4 c6 2. d4 d5 3. e5 Bf5 4. h4 a6 5. Nc3 h5 6. Bd3 {[%emt 0:06:46] B12: Caro-Kann: Advance Variation.} Bxd3 7. Qxd3 {[%emt 0:00:06][%cal Oe5e6] e6! is the strong threat.} e6 $1 8. Nf3 {[%emt 0:00:36] The position is equal.} c5 9. Bg5 Qc7 10. dxc5 Bxc5 11. O-O Nc6 {[%emt 0:03:34] [#]} 12. Rfe1 $146 ({Predecessor:} 12. a3 Rc8 13. Rfe1 Nge7 14. Bf4 Qb6 15. Bg3 Nf5 16. Na4 Qa7 17. Nxc5 Qxc5 18. Bf4 {½-½ (64) Alboredo,J (2264)-Heredia Serrano,C (2090) Chennai 2022}) 12... Nge7 13. a3 Ng6 14. b4 Be7 ({Black should try} 14... Ba7 $17 {aiming for ...Rc8.} 15. Re2 Rc8) 15. Bxe7 (15. Nxd5 $5 exd5 16. e6 $11) 15... Ncxe7 16. Na4 O-O 17. Nc5 (17. Rac1 $11) 17... Rfc8 18. Rac1 a5 19. Ng5 axb4 (19... b6 $5 20. Nb3 Nf5 $17) 20. axb4 b6 $1 21. Qf3 Nf5 22. Nd3 Qc4 23. g3 (23. Qxh5 $11 {remains equal.} Qxh4 24. Qxh4 Ngxh4 25. Nf4) 23... Qg4 $17 {[%emt 0:01:31] Black is more active.} 24. Qxg4 hxg4 25. Ra1 Nf8 {[%emt 0:15:59] Strongly threatening ...Rxa1.} 26. Rec1 {[%emt 0:02:04][%mdl 8192] Now White is beyond hope.} (26. Rxa8 $17 {was necessary.} Rxa8 27. f3) 26... Rxa1 $19 27. Rxa1 {[%emt 0:00:05] [#]} f6 $1 ({Worse is} 27... Rxc2 28. Ra7 $15) 28. Nxe6 ({Don't play} 28. exf6 gxf6 29. Nxe6 Nxe6 $19) 28... Nxe6 29. Ra6 $2 (29. exf6 gxf6 30. Ra2) 29... Rxc2 30. Rxb6 Nfd4 31. exf6 gxf6 32. Rd6 Rd2 33. Ne1 Rd1 34. Kf1 {[%emt 0:00:09] [#]} Nf3 $1 35. Rxe6 (35. Ke2 Rxe1+) 35... d4 36. Re4 f5 {[%emt 0:00:35] Weighted Error Value: White=0.72/Black=0.07 (flawless)} ({And not} 36... Nd2+ 37. Ke2 Rxe1+ 38. Kxe1 $19) 0-1

[Event "26th Hit Open-A 2022"]
[Site "Nova Gorica"]
[Date "2022.09.21"]
[Round "8.22"]
[White "Debevec, Blaz"]
[Black "Nyysti, Sampsa"]
[Result "0-1"]
[ECO "B80"]
[WhiteElo "2056"]
[BlackElo "2363"]
[Annotator "TA"]
[PlyCount "106"]
[EventDate "2022.09.16"]
[EventType "swiss"]
[EventCountry "SLO"]
[SourceTitle "playchess.com"]
[Source "ChessBase"]
[SourceQuality "1"]
[TimeControl "5400+30"]

1. e4 c5 2. Nf3 e6 3. g3 d6 4. Bg2 Nf6 5. Nc3 Be7 6. O-O O-O 7. d4 cxd4 8. Nxd4 a6 9. Qe2 {[%emt 0:05:49] B80: Sicilian Scheveningen: 6 g3 and 6 Be3, including English Attack.} Qc7 10. h3 Nc6 11. Be3 {[%emt 0:04:46] The position is equal.} Rb8 12. Rad1 Re8 13. f4 {[%emt 0:01:46] [#]} Nxd4 $146 ({Predecessor:} 13... Na5 14. Bc1 Nd7 15. Qh5 Bf6 16. Kh2 b5 17. f5 Bb7 18. Nce2 g6 19. fxg6 hxg6 {0-1 (40) Almasi,I (2280)-Horvath,C (2460) Budapest 1991}) 14. Bxd4 e5 15. Ba7 {[%emt 0:08:24] Hoping for fxe5.} Ra8 16. Bf2 Be6 17. Qd2 Rac8 18. Rfe1 b5 19. a3 Qb8 20. Nd5 Bxd5 21. exd5 exf4 22. gxf4 Nd7 23. c3 Bf6 24. Rxe8+ Rxe8 25. Re1 Rxe1+ 26. Qxe1 g6 27. Kf1 Kg7 28. Qe4 Nb6 29. Bd4 Qd8 {[%emt 0:00:22] aiming for ...Nc4.} 30. b3 {[%emt 0:01:36] Inhibits Nc4.} Nd7 31. b4 Nb6 {[%emt 0:02:28] Strongly threatening ...Nc4.} 32. Ke2 Na4 33. Kd2 Bxd4 34. Qxd4+ Qf6 (34... Kg8 {is interesting.} 35. Bf1 Qh4 36. c4 bxc4 37. Qe3 Qf6) 35. Qxf6+ (35. Kd3 $1 $11 {remains equal.}) 35... Kxf6 $11 {[%emt 0:00:02][%mdl 4096] Endgame KB-KN} 36. Be4 {[%emt 0:00:13] [#]} Nb6 $1 {[%emt 0:03:46] And now ...Nc4+ would win.} 37. Kd3 (37. Bd3 $17) 37... h6 (37... Nc4 $19 38. a4 Nb2+ 39. Kd4 Nxa4) 38. h4 $2 {[%emt 0:01:18] This costs White the game.} (38. Kd4 $17 {was forced.}) 38... g5 $19 39. fxg5+ hxg5 40. hxg5+ (40. h5 {only move.}) 40... Kxg5 41. Kd4 $2 (41. Kc2 Kf4 42. Bd3) 41... f5 42. Bd3 {[%emt 0:00:17] [#]} f4 $1 {[%emt 0:01:26] ...Kg4 is the strong threat.} 43. a4 bxa4 {[%emt 0:01:41] ( -> ...a3)} 44. c4 f3 45. Kc3 Kf4 46. Kb2 Ke3 {[%emt 0:00:13] Black mates.} 47. c5 Kxd3 48. cxb6 {[%emt 0:00:27] KP-KP} f2 49. b7 f1=Q 50. b8=Q Qe2+ 51. Kb1 Qc2+ 52. Ka1 Qc3+ 53. Kb1 a3 {[%emt 0:00:17] Weighted Error Value: White=0.67/Black=0.05 (flawless)} 0-1